 Dungeon Crawl Stone Soup version 0.27-a0-668-gb5737ff2c0 (webtiles) character file.

Game seed: 6203917652487301316

146269 jasper the Severer (level 16, 0/135 HPs)
             Began as a Minotaur Berserker on Mar 17, 2021.
             Was the Champion of Trog.
             Slain by a spriggan rider
             ... wielding a +0 spear
              (3 damage)
             ... on level 2 of the Swamp.
             The game lasted 00:53:15 (32886 turns).

jasper the Severer (Minotaur Berserker)            Turns: 32886, Time: 00:53:15

Health: 0/135      AC: 30    Str: 29    XL:     16   Next: 89%
Magic:  24/24      EV: 16    Int:  7    God:    Trog [******]
Gold:   465        SH:  0    Dex: 16    Spells: 15/15 levels left

rFire    + . .     SeeInvis +   b - +5 battleaxe (flame)
rCold    + . .     Faith    +   (shield currently unavailable)
rNeg     . . .     Spirit   .   s - +2 plate armour {rC+}
rPois    +         Reflect  .   i - +0 mask of the Dragon {Will+ Slay+3 SInv}
rElec    +         Harm     .   J - +2 cloak
rCorr    .         Rampage  .   W - +1 pair of gloves "Gusib" {rElec Int+3 SInv}
Will     ++...                  a - +1 pair of boots of Yhim {rF+ Slay+3}
Stlth    ..........             m - amulet of faith
HPRegen  0.00/turn              M - ring of poison resistance
MPRegen  0.19/turn              z - ring "Hurhy" {*Slow MP+9 Str+6 Slay+5 SInv}

@: no status effects
A: horns 2, retaliatory headbutt, frail 1, inhibited regeneration
a: Renounce Religion, Berserk, Trog's Hand, Brothers in Arms


You were on level 2 of the Swamp.
You worshipped Trog.
Trog was exalted by your worship.
You visited 4 branches of the dungeon, and saw 25 of its levels.
You also visited: Sewer.

You collected 3004 gold pieces.
You spent 2539 gold pieces at shops.

Inventory:

Hand Weapons
 b - a +5 battleaxe of flaming (weapon)
 T - a +2 antimagic battleaxe
 Z - a +0 executioner's axe of flaming
Missiles
 B - 38 poisoned darts
 D - 5 throwing nets
 F - 32 boomerangs (quivered)
 X - 78 bolts
Armour
 a - the +1 pair of boots of Yhim (worn) {rF+ Slay+3}
   (You found it on level 11 of the Dungeon)

   It affects your accuracy and damage with ranged weapons and melee attacks
   (+3).
   It protects you from fire.
 i - the +0 mask of the Dragon (worn) {Will+ Slay+3 SInv}
   (You found it on level 6 of the Lair of Beasts)

   It affects your accuracy and damage with ranged weapons and melee attacks
   (+3).
   It affects your willpower, your defense against some magical effects.
   It lets you see invisible.
 k - +0 acid dragon scales
 s - a +2 plate armour of cold resistance (worn)
 J - a +2 cloak (worn)
 W - the +1 pair of gloves "Gusib" (worn) {rElec Int+3 SInv}
   (You found it on level 10 of the Dungeon)

   It affects your intelligence (+3).
   It insulates you from electricity.
   It lets you see invisible.
Jewellery
 m - an amulet of faith (around neck)
 r - a ring of positive energy
 z - the ring "Hurhy" (left hand) {*Slow MP+9 Str+6 Slay+5 SInv}
   (You found it on level 1 of the Orcish Mines)

   [ring of strength]

   It affects your strength (+6).
   It affects your accuracy and damage with ranged weapons and melee attacks
   (+5).
   It affects your magic capacity (+9).
   It lets you see invisible.
   It may slow you when you take damage.
 G - a ring of willpower
 M - a ring of poison resistance (right hand)
 N - a ring of protection from fire
Wands
 u - a wand of flame (76)
 A - a wand of mindburst (12)
 E - a wand of acid (7)
 H - a wand of iceblast (51)
 L - a wand of digging (3)
 P - a wand of paralysis (30)
Scrolls
 d - 10 scrolls of magic mapping
 l - 4 scrolls of enchant weapon
 o - 4 scrolls of summoning
 t - 7 scrolls of teleportation
 v - a scroll of fear
 w - 4 scrolls of immolation
 x - a scroll of blinking
 y - 2 scrolls of fog
 C - 13 scrolls of identify
 K - 6 scrolls of enchant armour
 Q - a scroll of holy word
 S - a scroll of vulnerability
 Y - a scroll of torment
Potions
 c - 21 potions of curing
 f - 4 potions of ambrosia
 g - 7 potions of heal wounds
 h - 3 potions of might
 j - 4 potions of lignification
 p - 9 potions of flight
 q - 3 potions of invisibility
 I - 4 potions of attraction
 O - 3 potions of cancellation
 R - a potion of magic
 U - 3 potions of resistance
 V - 4 potions of haste
Miscellaneous
 e - a tin of tremorstones (inert)
 n - a condenser vane (inert)


   Skills:
 + Level 15.7 Fighting
 - Level 20.0 Axes
 - Level 18.7 Armour
 - Level 15.0 Dodging


You had 15 spell levels left.
You didn't know any spells.
Your spell library was empty.

Dungeon Overview and Level Annotations

Branches:
Dungeon (15/15)            Temple (0/1) D:6            Lair (6/6) D:11
  Swamp (2/4) Lair:3       Spider (0/4) Lair:2        Slime (0/5) Lair:6
    Orc (2/2) D:12            Elf (0/3) Orc:2        Vaults (0/5) D:13
 Depths (0/5) D:15          Sewer (visited)

Altars:
Ashenzari
Cheibriados
Elyvilon
Fedhas
Hepliaklqana
Kikubaaqudgha
Makhleb
Nemelex Xobeh
Ru
Trog
Uskayaw
Yredelemnul
The Shining One

Shops:
D:8 !   D:14 (*[(!   Orc:2 [=!(


Innate Abilities, Weirdness & Mutations

You have a pair of horns on your head.
You reflexively headbutt those who attack you in melee.
You are frail. (-10% HP)
You do not regenerate when monsters are visible.


Message History

The spriggan rider hits you with a +0 spear.
The spriggan rider is engulfed in poison gas.
The spriggan rider looks even sicker.
The spriggan rider hits you from afar with a +0 spear.
The eleionoma is engulfed in poison gas.
The eleionoma looks even sicker.
The eleionoma completely misses you. You furiously retaliate!
You headbutt the eleionoma!
The spriggan is engulfed in poison gas.
The spriggan is poisoned.
The polar bear is engulfed in poison gas.
The polar bear looks even sicker.
The spriggan air mage is engulfed in poison gas.
The spriggan air mage looks even sicker.
You kill the spriggan air mage!
Trog accepts your kill.
Trog appreciates your killing of a magic user.
You hear a splash.
The spriggan berserker is engulfed in poison gas.
The spriggan berserker looks even sicker.
The spriggan berserker splashes around in the water.
You take 8 damage, and have 42/135 hp.
You miss the spriggan berserker.
The spriggan berserker is severely wounded.
You slash the bunyip! You burn the bunyip. You slash the spriggan rider!
You burn the spriggan rider. You slice the eleionoma!! You burn the eleionoma.
The bunyip claws you!
* * * LOW HITPOINT WARNING * * *
The bunyip claws you!
* * * LOW HITPOINT WARNING * * *
The bunyip completely misses you.
The spriggan is engulfed in poison gas.
The spriggan looks even sicker.
The spriggan hits you but does no damage.
The polar bear is engulfed in poison gas.
The polar bear looks as sick as possible!
The eleionoma is engulfed in poison gas.
The eleionoma looks even sicker.
The eleionoma hits you!
* * * LOW HITPOINT WARNING * * *
The spriggan rider is engulfed in poison gas.
The spriggan rider looks even sicker.
The spriggan rider hits you from afar with a +0 spear.
You die...

.≈ .≈ ≈♣♣♣♣ # .##≈#.≈♣≈♣ .≈
..((#≈♣≈♣♣ .≈≈ §§§.≈.≈≈♣
.8§§#§§#≈..≈♣ .≈§§§§i§§§≈.♣♣
≈.§§§ixiR§?.§♣♣♣.
.§§§Dhi@§§.≈.≈≈...
≈8§n#i§#.≈.≈§≈≈≈≈....# .
#§§#.≈.≈≈.≈.≈.....
#??#.≈.§♣.≈≈≈≈...##
#################..≈♣♣.♣≈≈§.(..
≈...≈..≈.≈≈.≈≈.....≈≈≈.≈≈♣....
♣.≈♣♣♣♣.≈≈♣.≈♣≈≈≈.≈≈≈≈.≈....#
♣..♣ ♣♣≈..≈≈≈........♣≈†♣§.##..
..♣♣ ♣≈≈≈≈.≈.≈♣.≈≈≈≈♣≈≈.≈≈....


You could see a bunyip, an eleionoma (very poisoned), a swamp dragon, 2 spriggan
riders, a spriggan berserker (berserk, very poisoned), a polar bear (summoned,
berserk, extremely poisoned), a bog body and 2 spriggans.

Vanquished Creatures
  Jorgrun (D:14)
  Gastronok (D:10)
  Frances (D:13)
  2 orc warlords
  A very ugly thing (D:12)
  Nessos (D:13)
  A dire elephant (Lair:6)
  A bunyip (Lair:3)
  An ettin (D:15)
  An eleionoma (Swamp:1)
  A vault guard (D:13)
  11 hydras
  3 ogre magi
  9 boulder beetles
  A centaur warrior (D:15)
  2 alligators
  A merfolk avatar (Lair:6)
  Harold (D:8)
  A spriggan air mage (Swamp:2)
  A tengu warrior (D:14)
  9 two-headed ogres
  7 death yaks
  4 orc high priests (Orc:2)
  A hell knight (D:15)
  A fire crab (shapeshifter) (D:12)
  A fire crab (Lair:6)
  A goliath frog (Swamp:2)
  A sea snake (Lair:6)
  A bog body (Swamp:2)
  2 spriggan druids (Swamp:1)
  3 unseen horrors
  A lindwurm (Lair:6)
  4 deep elf pyromancers
  A necromancer (Lair:2)
  5 orc sorcerers
  A wolf spider zombie (D:15)
  4 cyclopes
  3 oklob plants (Lair:5)
  A will-o-the-wisp (Lair:3)
  An orb spider (Lair:2)
  7 orc knights
  5 manticores
  A shining eye (shapeshifter) (D:12)
  17 ugly things
  5 elephants
  3 black mambas
  Joseph (Lair:1)
  A torpor snail (Lair:2)
  Maggie (Lair:2)
  9 cane toads
  5 rime drakes
  Psyche (D:12)
  2 yaktaurs
  17 komodo dragons
  2 efreet (D:14)
  10 trolls
  7 polar bears
  8 tyrant leeches
  14 hornets
  9 slime creatures
  A meliai zombie (D:13)
  19 blink frogs
  A slime creature (shapeshifter) (D:14)
  Grinder (D:6)
  17 dream sheep
  3 centaur simulacra (D:13)
  2 vampires
  6 wraiths
  8 spriggans
  2 shadows
  12 wyverns
  52 yaks
  A hog (shapeshifter) (D:15)
  8 basilisks
  5 fire elementals (D:12)
  5 vampire mosquitoes (D:15)
  10 humans (D:13)
  5 wargs
  A soldier ant (D:12)
  An acid dragon (shapeshifter) (D:14)
  10 swamp worms
  19 water moccasins
  3 acid dragons
  3 hell hounds
  5 black bears
  33 orc warriors
  8 ice beasts
  3 sky beasts
  28 wolves
  4 necrophages
  A swamp drake (Swamp:2)
  An ogre (shapeshifter) (D:13)
  8 centaurs
  16 ogres
  4 kobold brigands
  3 phantoms
  26 bullfrogs
  A gnoll sergeant (D:7)
  A wyvern zombie (D:10)
  3 wyvern skeletons
  4 scorpions
  16 killer bees
  5 wights (D:11)
  The ghost of OTABOTABOTAB the Conjurer, a weakling DrCj (D:3)
  6 howler monkeys
  3 centaur zombies
  2 quasits
  2 bullfrog zombies
  10 centaur skeletons
  6 hounds
  12 jellies
  37 orc priests
  A bullfrog skeleton (D:12)
  4 iguanas
  A gnoll shaman (D:9)
  38 orc wizards
  2 polar bear simulacra (Lair:2)
  12 worker ants
  2 wolf simulacra (Lair:2)
  3 yak simulacra (Lair:2)
  2 bullfrog simulacra (D:13)
  2 worker ant zombies
  Robin (D:4)
  12 adders
  18 gnolls
  A river rat (Sewer)
  A shadow imp (D:9)
  6 white imps
  2 ufetubi
  3 oozes
  An adder skeleton (D:4)
  3 worms
  A dart slug (D:1)
  11 leopard geckos
  97 orcs
  12 giant cockroaches
  10 hobgoblins
  12 jackals
  27 kobolds
  7 quokkas
  3 ball pythons
  3 bats
  6 frilled lizards
  18 goblins
  A leopard gecko skeleton (D:5)
  A quokka skeleton (D:4)
  5 rats
  4 river rat simulacra (Lair:2)
  A fungus (Lair:6)
997 creatures vanquished.

Vanquished Creatures (collateral kills)
  Azrael (D:12)
  3 hydras (Lair:3)
  A fire crab (Lair:3)
  3 dream sheep (Lair:3)
  A basilisk (Lair:3)
9 creatures vanquished.

Vanquished Creatures (others)
  A bloated husk (Swamp:1)
  A dream sheep (Lair:3)
  A vampire (D:12)
  A human (D:12)
  A bush (Lair:6)
  3 foxfires (Swamp:1)
  51 fungi
  75 plants
134 creatures vanquished.

Grand Total: 1140 creatures vanquished

Notes
Turn   | Place    | Note
-------+----------+-------------------------------------------
     0 | D:1      | jasper the Minotaur Berserker began the quest for the Orb.
     0 | D:1      | Reached XP level 1. HP: 19/19 MP: 0/0
   262 | D:1      | Reached XP level 2. HP: 27/27 MP: 1/1
   312 | D:1      | Reached skill level 4 in Axes
  1223 | D:2      | Reached XP level 3. HP: 33/33 MP: 2/2
  1294 | D:2      | Reached ** piety under Trog
  1414 | D:2      | Reached XP level 4. HP: 40/40 MP: 3/3
  2110 | D:2      | Reached skill level 5 in Axes
  2407 | D:3      | Reached XP level 5. HP: 36/47 MP: 4/4
  2680 | D:3      | Found a runed translucent gate.
  2681 | D:3      | Found a runed translucent gate.
  2681 | D:3      | Noticed OTABOTABOTAB's ghost (weakling DrCj)
  2684 | D:3      | Found a runed translucent gate.
  3008 | D:3      | Found a burning altar of Makhleb.
  3008 | D:3      | Found a bloodstained altar of Trog.
  3011 | D:3      | Reached *** piety under Trog
  3451 | D:4      | Found a sparkling altar of Nemelex Xobeh.
  4305 | D:4      | Reached XP level 6. HP: 55/55 MP: 5/5
  4397 | D:4      | Noticed Robin
  4401 | D:4      | Reached skill level 6 in Axes
  4406 | D:4      | Killed Robin
  4409 | D:4      | Reached skill level 5 in Fighting
  4692 | D:5      | Entered Level 5 of the Dungeon
  4902 | D:5      | Reached **** piety under Trog
  5097 | D:5      | Reached XP level 7. HP: 61/61 MP: 6/6
  5165 | D:5      | Reached skill level 7 in Axes
  5168 | D:5      | Found a glowing drain.
  5187 | Sewer    | Entered a sewer
  5251 | Sewer    | Reached skill level 5 in Armour
  5274 | Sewer    | Found a white marble altar of Elyvilon.
  5330 | D:5      | Found a glowing golden altar of the Shining One.
  5980 | D:6      | Reached skill level 8 in Axes
  5980 | D:6      | Reached skill level 5 in Dodging
  5980 | D:6      | Reached XP level 8. HP: 70/70 MP: 7/7
  6087 | D:6      | Reached ***** piety under Trog
  6088 | D:6      | Reached skill level 9 in Axes
  6380 | D:6      | Noticed Grinder
  6392 | D:6      | Killed Grinder
  6393 | D:6      | Reached XP level 9. HP: 79/79 MP: 8/8
  6702 | D:6      | Found a staircase to the Ecumenical Temple.
  6866 | D:6      | Found a basalt altar of Yredelemnul.
  7167 | D:7      | Reached skill level 10 in Axes
  7889 | D:7      | Found a sparkling altar of Nemelex Xobeh.
  7893 | D:7      | Received a gift from Trog
  7917 | D:7      | Found an ancient bone altar of Kikubaaqudgha.
  7923 | D:7      | Found a white marble altar of Elyvilon.
  7925 | D:7      | Found a snail-covered altar of Cheibriados.
  7926 | D:7      | Found a blossoming altar of Fedhas.
  8070 | D:8      | Found Atsicrow's Distillery.
  8082 | D:8      | Bought a potion of heal wounds for 60 gold pieces
  8082 | D:8      | Bought a potion of heal wounds for 60 gold pieces
  8082 | D:8      | Bought a potion of might for 48 gold pieces
  8082 | D:8      | Bought a potion of attraction for 36 gold pieces
  8098 | D:8      | Noticed Harold
  8112 | D:8      | Killed Harold
  8113 | D:8      | Reached skill level 11 in Axes
  8126 | D:8      | Reached XP level 10. HP: 90/90 MP: 9/9
  8342 | D:8      | Noticed a two-headed ogre
  8349 | D:8      | Killed a two-headed ogre
  8754 | D:9      | Reached skill level 12 in Axes
  8754 | D:9      | Noticed a two-headed ogre
  8763 | D:9      | Killed a two-headed ogre
  9924 | D:10     | Entered Level 10 of the Dungeon
  9929 | D:10     | Received a gift from Trog
  9996 | D:10     | Noticed a deep elf pyromancer
 10008 | D:10     | Killed a deep elf pyromancer
 10009 | D:10     | Reached XP level 11. HP: 93/99 MP: 10/10
 10115 | D:10     | Noticed a two-headed ogre
 10121 | D:10     | Killed a two-headed ogre
 10122 | D:10     | Reached skill level 13 in Axes
 10196 | D:10     | Reached skill level 10 in Fighting
 10786 | D:10     | Reached skill level 10 in Armour
 10793 | D:10     | Noticed Gastronok
 10810 | D:10     | Killed Gastronok
 10811 | D:10     | Reached skill level 14 in Axes
 11239 | D:10     | Identified the +1 pair of gloves "Gusib" {rElec Int+3 SInv}
 11469 | D:11     | Noticed a two-headed ogre
 11593 | D:10     | Killed a two-headed ogre
 11766 | D:11     | Found a staircase to the Lair.
 11908 | D:11     | Noticed a white ugly thing
 11912 | D:11     | Killed a white ugly thing
 11975 | D:11     | Found a hazy altar of Hepliaklqana.
 12155 | D:11     | Identified the +1 pair of boots of Yhim {rF+ Slay+3}
 12175 | D:11     | Noticed a boulder beetle
 12183 | D:11     | Killed a boulder beetle
 12184 | D:11     | Reached XP level 12. HP: 110/110 MP: 11/11
 12281 | D:11     | Reached skill level 15 in Axes
 12583 | D:12     | Noticed Azrael
 12762 | Lair:1   | Entered Level 1 of the Lair of Beasts
 12988 | Lair:1   | You fall into a shaft and drop 1 floor!
 13008 | Lair:2   | Reached ****** piety under Trog
 13008 | Lair:2   | Received a gift from Trog
 13014 | Lair:2   | Noticed a six-headed hydra
 13024 | Lair:2   | Killed a three-headed hydra
 13025 | Lair:2   | Reached skill level 16 in Axes
 13367 | Lair:2   | Found a hole to the Spider Nest.
 13371 | Lair:2   | Noticed Maggie
 13380 | Lair:2   | Killed Maggie
 13664 | Lair:2   | Reached XP level 13. HP: 117/119 MP: 12/12
 13853 | Lair:2   | Identified the +5 whip of Royalism {drain, rPois rF+++
                  | Str+2 Int-3}
 14129 | Lair:3   | Reached skill level 17 in Axes
 14744 | Lair:3   | Received a gift from Trog
 15016 | Lair:3   | Found a staircase to the Swamp.
 15720 | Lair:4   | Reached skill level 18 in Axes
 16739 | Lair:5   | Received a gift from Trog
 17152 | Lair:4   | Reached XP level 14. HP: 132/132 MP: 13/13
 18156 | Lair:6   | Entered Level 6 of the Lair of Beasts
 18428 | Lair:6   | Reached skill level 19 in Axes
 18939 | Lair:6   | Found the +0 mask of the Dragon {Will+ Slay+3 SInv}
 19310 | Lair:6   | Found a staircase to the Slime Pits.
 19363 | Lair:6   | Received a gift from Trog
 19882 | Lair:6   | Reached skill level 15 in Fighting
 20892 | Lair:1   | Noticed Joseph
 20897 | Lair:1   | Killed Joseph
 20898 | Lair:1   | Reached skill level 20 in Axes
 21057 | D:12     | Reached skill level 15 in Armour
 21411 | D:12     | Noticed Psyche
 21421 | D:12     | Killed Psyche
 21573 | D:12     | Noticed a cyan very ugly thing
 21607 | D:12     | Reached XP level 15. HP: 90/141 MP: 14/14
 21857 | D:12     | Found a hide-covered altar of Uskayaw.
 21859 | D:12     | Received a gift from Trog
 22218 | D:12     | Gained mutation: You are frail. (-10% HP) [a shining eye]
 22319 | D:12     | Found a staircase to the Orcish Mines.
 22332 | D:12     | Killed Azrael
 22588 | Orc:1    | Entered Level 1 of the Orcish Mines
 22749 | Orc:1    | Noticed an orc warlord
 23195 | D:12     | Killed an orc warlord
 23644 | Orc:1    | Noticed an orc warlord
 23669 | Orc:1    | Killed an orc warlord
 24108 | Orc:1    | Identified the +4 scale mail "Otuybe" {rPois Dex+7 SInv
                  | Stlth-}
 24109 | Orc:1    | Identified the ring "Hurhy" {*Slow MP+9 Str+6 Slay+5 SInv}
 24152 | Orc:1    | Received a gift from Trog
 24294 | Orc:2    | Entered Level 2 of the Orcish Mines
 24406 | Orc:2    | Found a staircase to the Elven Halls.
 25043 | Orc:2    | Received a gift from Trog
 25283 | Orc:2    | Gained mutation: You do not regenerate when monsters are
                  | visible. [a neqoxec]
 25545 | Orc:2    | Found Ceuwuk's Jewellery Shoppe.
 25545 | Orc:2    | Found Hodghe's Antique Weapon Emporium.
 25546 | Orc:2    | Found Faep's Distillery.
 25550 | Orc:2    | Found Iniakou's Antique Armour Shoppe.
 25557 | Orc:2    | Bought a potion of heal wounds for 80 gold pieces
 25557 | Orc:2    | Bought a potion of curing for 48 gold pieces
 25557 | Orc:2    | Bought a potion of resistance for 160 gold pieces
 25557 | Orc:2    | Bought a potion of haste for 160 gold pieces
 25557 | Orc:2    | Bought a potion of heal wounds for 80 gold pieces
 25557 | Orc:2    | Bought a potion of curing for 48 gold pieces
 25957 | D:13     | Paralysed by a hornet for 1 turns
 26130 | D:13     | Noticed Frances
 26220 | D:13     | Killed Frances
 26243 | D:13     | Reached skill level 10 in Dodging
 26312 | D:13     | Noticed Nessos
 26327 | D:13     | Killed Nessos
 26991 | D:13     | Received a gift from Trog
 26995 | D:13     | Found a gate to the Vaults.
 27088 | D:13     | Found a blossoming altar of Fedhas.
 27470 | D:13     | Reached XP level 16. HP: 122/134 MP: 15/15
 27841 | D:14     | Noticed Jorgrun
 28037 | D:14     | Killed Jorgrun
 28179 | D:14     | Found Wijeq's Weapon Shoppe.
 28194 | D:14     | Found Pudaa's Distillery.
 28200 | D:14     | Bought a potion of curing for 51 gold pieces
 28200 | D:14     | Bought a potion of ambrosia for 136 gold pieces
 28200 | D:14     | Bought a potion of resistance for 170 gold pieces
 28200 | D:14     | Bought a potion of resistance for 170 gold pieces
 28200 | D:14     | Bought a potion of might for 68 gold pieces
 28200 | D:14     | Bought a potion of lignification for 51 gold pieces
 28200 | D:14     | Bought a potion of lignification for 51 gold pieces
 28623 | D:14     | Found Nuehetiq's Antique Armour Boutique.
 28640 | D:14     | Bought a glowing cloak for 180 gold pieces
 28668 | D:14     | Found Fyxich's Assorted Antiques.
 28672 | D:14     | Bought a scroll of enchant armour for 270 gold pieces
 28672 | D:14     | Bought a potion of haste for 360 gold pieces
 28672 | D:14     | Bought a scroll of magic mapping for 126 gold pieces
 28672 | D:14     | Bought a scroll of magic mapping for 126 gold pieces
 28703 | D:14     | Found a broken altar of Ashenzari.
 28828 | D:14     | Found Ipanoewku's Weapon Emporium.
 29093 | D:15     | Entered Level 15 of the Dungeon
 29449 | D:15     | Found a staircase to the Depths.
 29481 | D:15     | Found a sparkling altar of Nemelex Xobeh.
 29494 | D:15     | Received a gift from Trog
 30259 | Swamp:1  | Entered Level 1 of the Swamp
 30294 | Lair:3   | Reached skill level 15 in Dodging
 30932 | Swamp:1  | Found a sacrificial altar of Ru.
 31660 | D:3      | Killed OTABOTABOTAB's ghost
 32886 | Swamp:2  | HP: 3/135 [eleionoma (9)]
 32886 | Swamp:2  | Slain by a spriggan rider

Illustrated notes

Levels and vault maps discovered:
D:1:      eino_arrival_cavern_e, layout_rooms, minmay_indecisive_spiral
D:2:      layout_rooms
D:3:      layout_rooms, gammafunk_temple_overflow_pools,
          gammafunk_ghost_nasty_kobolds
D:4:      kennysheep_goblin_castle, layout_basic,
          chequers_serial_rivers_micro_e, nemelex_diamond_rough_becter
D:5:      layout_loops_cross, portal_sewer_entry_f, basic_altar,
          grunt_ministairs_6, kennysheep_generic_room_8
D:6:      layout_gridville, old_standard_altar, minmay_temple_entry_hall,
          uniq_grinder
D:7:      layout_rooms, minitemple
D:8:      layout_cave_pools, serial_shops, shop, uniq_harold
D:9:      layout_loops_ring
D:10:     kennysheep_six_static_rooms, layout_loops_corners, uniq_gastronok
D:11:     minmay_clustersquares, layout_loops_ring,
          grunt_lair_entry_orc_guard_hut, basic_altar, grunt_ministairs_9
D:12:     hangedman_cross_cluster, layout_irregular_city, st_stairs_11,
          grunt_ministairs_8, uniq_psyche, uniq_azrael
D:13:     layout_loops_ring, ximxim_vaults_locker_room, basic_altar, serial_ice,
          serial_ice_b, serial_ice_d, serial_ice_n, serial_ice_m, serial_ice_i,
          serial_ice_o, uniq_nessos, uniq_frances
D:14:     minmay_cut_squares, layout_loops_ring, evilmike_ruin_ashenzari,
          serial_shops, nicolae_shop_window_shopping, nicolae_shop_stone,
          kennysheep_little_box, nicolae_shop_statue_plus,
          nicolae_shop_behind_doors, uniq_jorgrun
D:15:     hangedman_depths_entry_civil_slaughter, layout_loops_ring,
          nemelex_xobeh_ov_fountains_minmay
Lair:1:   layout_regular_city, grunt_megastairs_2, uniq_joseph
Lair:2:   layout_chaotic_city, nicolae_spider_entry_orb_guardian,
          eino_house_with_fridge, grunt_megastairs_1, uniq_maggie
Lair:3:   layout_layer_cave, palyth_hydra_swamp_entry, beast_lair_carwin_11
Lair:4:   layout_regular_city
Lair:5:   layout_roguey, grunt_megastairs_3, minmay_lair_oklob_chamber,
          serial_bayou_shore_b
Lair:6:   gammafunk_lair_ancient_temple, layout_long_grid,
          nicolae_slime_entry_slimehenge, serial_bayou_shore_b,
          infiniplex_staircase_pool_2
Swamp:1:  layout_basic_swamp, basic_altar
Swamp:2:  layout_falls_marsh, evilmike_swamp_ruin_rubble_1, swamp_pool2,
          grunt_ruined_hall
Orc:1:    layout_caves, minmay_orc_treasury
Orc:2:    st_orc_mages, layout_diamond_mine

Skill      XL: |  1  2  3  4  5  6  7  8  9 10 11 12 13 14 15 16 |
---------------+-------------------------------------------------+-----
Axes           | 4 5 6 8 9 11 12 14 16 18 20 | 20.0
Fighting       | 4 5 6 7 8 9 11 12 14 15 | 15.7
Armour         | 3 4 5 6 8 9 11 12 13 15 18 | 18.7
Dodging        | 3 4 5 6 7 8 9 11 15 | 15.0

Action                   |  1- 3 |  4- 6 |  7- 9 | 10-12 | 13-15 | 16-18 || total
-------------------------+-------+-------+-------+-------+-------+-------++-------
Melee: Hand axe          |    38 |   147 |   166 |       |       |       ||   351
       Headbutt          |     4 |    39 |    63 |    65 |   186 |    69 ||   426
       War axe           |       |       |    28 |       |       |       ||    28
       Battleaxe         |       |       |    18 |   406 |   842 |   248 ||  1514
Throw: Stone             |    49 |    41 |     1 |       |       |       ||    91
       Boomerang         |       |       |    14 |    59 |   175 |    71 ||   319
       Throwing net      |       |       |     1 |       |       |       ||     1
Invok: Berserk           |     3 |     7 |     3 |     2 |     4 |       ||    19
       Trog's Hand       |       |     1 |     4 |     8 |    11 |     5 ||    29
       Brothers in Arms  |       |       |       |       |     4 |       ||     4
Evoke: Wand              |       |       |     1 |    10 |       |       ||    11
       Condenser vane    |       |       |       |     1 |     2 |     1 ||     4
       Tin of tremorston |       |       |       |       |     4 |     2 ||     6
  Use: Scroll            |       |    12 |     4 |     6 |     4 |     2 ||    28
       Potion            |       |       |     1 |       |     2 |     2 ||     5
 Stab: Sleeping          |       |       |     1 |       |       |       ||     1
       Confused          |       |       |       |       |     1 |       ||     1
Armor: Animal skin       |     1 |       |       |       |       |       ||     1
       Ring mail         |       |    59 |    68 |    46 |       |       ||   173
       Plate armour      |       |       |       |   167 |   520 |   133 ||   820
       Acid dragon scale |       |       |       |       |     5 |       ||     5
       Skin              |       |       |       |       |     1 |       ||     1
Dodge: Dodged            |    23 |    91 |   133 |   215 |   411 |   145 ||  1018
Block: Kite shield       |       |       |     1 |       |       |       ||     1

Table legend: (Time is in decaauts)
 A = Elapsed time spent in this place.
 B = Non-inter-level travel time spent in this place.
 C = Inter-level travel time spent in this place.
 D = Time resting spent in this place.
 E = Time spent auto-exploring this place.
 F = Levels seen in this place.
 G = Mean time per level.
                   A        B        C        D        E       F      G
               +--------+--------+--------+--------+--------+-----+--------+
         Total |  33058 |  31294 |   1764 |   7064 |  19211 |  26 | 1271.5 |
       Dungeon |  19811 |  18800 |   1011 |   4263 |  11477 |  15 | 1320.7 |
          Lair |   8948 |   8413 |    535 |   1688 |   5449 |   6 | 1491.3 |
         Swamp |   1771 |   1671 |    100 |    753 |    722 |   2 |  885.5 |
  Orcish Mines |   2375 |   2258 |    117 |    359 |   1448 |   2 | 1187.5 |
         Sewer |    152 |    152 |      0 |      0 |    113 |   1 |  152.0 |
               +--------+--------+--------+--------+--------+-----+--------+

Top non-repeatable levels by time:
    D:12: 2449 daAuts
  Lair:3: 1955 daAuts
    D:13: 1881 daAuts
    D:10: 1862 daAuts
  Lair:6: 1799 daAuts
  Lair:5: 1697 daAuts
   Orc:2: 1579 daAuts
     D:4: 1557 daAuts
    D:11: 1407 daAuts
  Lair:4: 1394 daAuts
 Swamp:1: 1355 daAuts
     D:1: 1338 daAuts
     D:9: 1315 daAuts
     D:6: 1224 daAuts
     D:5: 1194 daAuts
